 Dungeon Crawl Stone Soup version 0.27-a0-1278-g6cbc8dfb29 (webtiles) character file.

Game seed: 1712223955600782077

333 polve the Summoner (level 6, -5/32 HPs)
             Began as a Tengu Summoner on June 12, 2021.
             Slain by a killer bee (7 damage)
             ... on level 7 of the Dungeon.
             The game lasted 00:07:26 (6625 turns).

polve the Summoner (Tengu Summoner)                 Turns: 6625, Time: 00:07:27

Health: -5/32      AC:  2    Str:  8    XL:     6   Next: 52%
Magic:  2/10       EV: 14    Int: 18    God:
Gold:   193        SH:  0    Dex: 14    Spells: 0/9 levels left

rFire    + . .     SeeInvis .   p - +0 quarterstaff
rCold    . . .     Faith    .   (shield currently unavailable)
rNeg     . . .     Spirit   .   a - +0 robe
rPois    .         Reflect  .   (helmet restricted)
rElec    .         Harm     .   (no cloak)
rCorr    .         Rampage  .   (no gloves)
Will     .....                  (boots unavailable)
Stlth    ++........             (no amulet)
HPRegen  0.10/turn              d - ring of protection from fire
MPRegen  0.12/turn              (no ring)

@: flying quickly and evasively, quick
A: beak, talons 3, nimble flight
a: no special abilities


You were on level 7 of the Dungeon.
You visited 1 branch of the dungeon, and saw 5 of its levels.

You collected 193 gold pieces.

Inventory:

Hand Weapons
 p - a +0 quarterstaff (weapon)
Armour
 a - a +0 robe (worn)
Jewellery
 d - a ring of protection from fire (left hand)
Scrolls
 e - 2 scrolls of noise {unknown}
 f - 3 scrolls of identify {unknown}
 h - 7 scrolls of teleportation {unknown}
 n - 2 scrolls of enchant weapon {unknown}
 o - a scroll of immolation {unknown}
 q - a scroll of blinking {unknown}
Potions
 b - 2 potions of flight {unknown}
 c - a potion of curing {unknown}
 g - a potion of lignification {unknown}
 i - 2 potions of berserk rage {unknown}
 k - a potion of heal wounds {unknown}
 l - a potion of mutation {unknown}
 m - 2 potions of magic {unknown}


   Skills:
 - Level 2.1 Dodging
 - Level 2.0 Stealth
 - Level 2.0 Spellcasting
 + Level 9.1 Summonings


You couldn't memorise any spells.
You knew the following spells:

 Your Spells              Type           Power      Damage    Failure   Level
a - Summon Small Mammal   Summ           100%       N/A       1%          1
b - Call Imp              Summ           34%        N/A       1%          2
c - Call Canine Familiar  Summ           34%        N/A       1%          3
d - Summon Guardian Gole  Hex/Summ       18%        N/A       9%          3

Your spell library contained the following spells:

 Spells                   Type           Power      Damage    Failure   Level
 Summon Ice Beast         Ice/Summ       18%        N/A       26%         4
 Summon Lightning Spire   Summ/Air       18%        N/A       26%         4


Dungeon Overview and Level Annotations

Branches:
Dungeon (4/15)
 Temple: D:4-7

Altars:


Innate Abilities, Weirdness & Mutations

You have a beak for a mouth.
You have claws for feet.
Your magical nature lets you fly swiftly and evasively.


Message History

Your white imp closely misses the killer bee.
Your crimson imp misses the killer bee.
The killer bee closely misses your white imp.
Your white imp gestures at the killer bee.
The puff of frost hits the killer bee.
Your crimson imp misses the killer bee.
You hit the killer bee. Your kick misses the killer bee.
Your peck misses the killer bee.
The killer bee is lightly wounded.
You feel sick. The killer bee misses your white imp.
The killer bee stings your white imp. The killer bee barely misses you.
Your hound misses the killer bee. The killer bee stings your white imp.
The killer bee stings your hound! The killer bee misses you.
Your hound bites the killer bee.
The killer bee stings your white imp. x2
Your white imp dies!
Your crimson imp hits the killer bee.
The killer bee stings you.
You closely miss the killer bee.
The killer bee is moderately wounded.
You feel sick.
The killer bee completely misses your hound.
Your hound bites the killer bee but does no damage.
The killer bee stings you.
* * * LOW HITPOINT WARNING * * *
The killer bee closely misses your hound.
The killer bee barely misses you. x2; Your crimson imp misses the killer bee.
Your hound bites the killer bee.
The killer bee barely misses your hound.
The killer bee closely misses you.
Your hound barely misses the killer bee.
Your crimson imp closely misses the killer bee.
The killer bee barely misses you.
Your hound bites the killer bee.
You sock the killer bee!
You kill the killer bee!
You feel sick.
You are no longer poisoned.
The killer bee stings you.
* * * LOW HITPOINT WARNING * * *
Your hound barely misses the killer bee.
Your crimson imp blinks!
The killer bee stings you!
You die...

#.....#
#...#
#.....#
#...# #
+.....#
#...# #
#.....##
#...# #
#......#
#...# #
#....ยง.#
#...# #
#.hy...#
####...####
###y##.#
#..........
#@# #
#.#########
#.# #.# #.#
#.# #.# #.#
#.# #.#
#.######.#
#........#
##########


You could see 2 killer bees and a friendly hound (summoned).

Vanquished Creatures
  A killer bee (D:7)
  2 orc priests (D:4)
  A centaur skeleton (D:4)
  2 adders (D:3)
  A worm (D:2)
  2 orcs (D:3)
  An endoplasm (D:4)
  2 goblins (D:3)
  4 hobgoblins
  2 jackals (D:3)
  A quokka (D:3)
  4 ball pythons
  A bat (D:3)
  3 kobolds
  A rat (D:3)
28 creatures vanquished.

Vanquished Creatures (collateral kills)
  2 scorpions (D:4)
  A killer bee (D:7)
  A hound (D:4)
  An orc priest (D:4)
  An iguana (D:4)
  5 adders
  A worm (D:2)
  7 dart slugs
  6 orcs
  10 ball pythons
  8 bats
  5 endoplasms
  2 giant cockroaches (D:3)
  3 goblins
  7 hobgoblins
  7 jackals
  2 frilled lizards
  A rat (D:2)
70 creatures vanquished.

Vanquished Creatures (others)
  2 plants (D:2)
2 creatures vanquished.

Grand Total: 100 creatures vanquished

Notes
Turn   | Place    | Note
-------+----------+-------------------------------------------
     0 | D:1      | polve the Tengu Summoner began the quest for the Orb.
     0 | D:1      | Reached XP level 1. HP: 10/10 MP: 4/4
   241 | D:1      | Reached skill level 5 in Summonings
   571 | D:1      | Reached XP level 2. HP: 15/15 MP: 3/6
   625 | D:1      | Learned a level 2 spell: Call Imp
  1687 | D:2      | Found a faded altar of an unknown god.
  1697 | D:2      | Reached XP level 3. HP: 19/19 MP: 0/7
  1800 | D:2      | Reached skill level 6 in Summonings
  2017 | D:2      | Learned a level 3 spell: Call Canine Familiar
  3044 | D:3      | Reached XP level 4. HP: 21/24 MP: 8/8
  3323 | D:3      | Reached skill level 7 in Summonings
  4884 | D:4      | Gained mutation: Your magical nature lets you fly swiftly
                  | and evasively. [Tengu growth]
  4884 | D:4      | Reached XP level 5. HP: 8/28 MP: 0/9
  5643 | D:4      | Reached skill level 8 in Summonings
  5994 | D:4      | Reached XP level 6. HP: 32/32 MP: 6/10
  6208 | D:4      | Reached skill level 9 in Summonings
  6212 | D:4      | Learned a level 3 spell: Summon Guardian Golem
  6233 | D:4      | You are sucked into a shaft and drop 3 floors!
  6625 | D:7      | Slain by a killer bee

Illustrated notes

Levels and vault maps discovered:
D:1:      co_arrival_random_square_maze, layout_loops_ring,
          chequers_serial_rivers_room_b, patterned_corridor
D:2:      layout_basic, hellmonk_ecumenical_altar_arch_garden, corexii_shack,
          lemuel_old_faithful
D:3:      minmay_spotlight, layout_basic, minmay_snake_closets
D:4:      layout_basic
D:7:      layout_basic, kennysheep_generic_room_11

Skill      XL: |  1  2  3  4  5  6 |
---------------+-------------------+-----
Summonings     | 5 6 7 8 9 |  9.1
Dodging        | |  2.1
Stealth        | |  2.0
Spellcasting   | |  2.0

Action                   |  1- 3 |  4- 6 || total
-------------------------+-------+-------++-------
Melee: Unarmed           |    32 |    56 ||    88
       Peck              |     6 |    14 ||    20
       Kick              |     7 |    24 ||    31
       Quarterstaff      |       |    43 ||    43
 Cast: Summon Small Mamm |    45 |     2 ||    47
       Call Imp          |    56 |    60 ||   116
       Call Canine Famil |       |     6 ||     6
 Stab: Distracted        |     1 |     1 ||     2
       Sleeping          |       |     1 ||     1
Armor: Robe              |    10 |     6 ||    16
Dodge: Dodged            |    53 |    96 ||   149

Table legend: (Time is in decaauts)
 A = Elapsed time spent in this place.
 B = Non-inter-level travel time spent in this place.
 C = Inter-level travel time spent in this place.
 D = Time resting spent in this place.
 E = Time spent auto-exploring this place.
 F = Levels seen in this place.
 G = Mean time per level.
                   A        B        C        D        E       F      G
               +--------+--------+--------+--------+--------+-----+--------+
         Total |   6593 |   6438 |    155 |      0 |   5530 |   5 | 1318.6 |
       Dungeon |   6593 |   6438 |    155 |      0 |   5530 |   5 | 1318.6 |
               +--------+--------+--------+--------+--------+-----+--------+

Top non-repeatable levels by time:
     D:3: 2504 daAuts
     D:1: 1333 daAuts
     D:2: 1225 daAuts
     D:4: 1144 daAuts
     D:7: 385 daAuts
